 Dungeon Sprint DCSS version 0.21.1-1-g345015f (webtiles) character file.

75 Fang the Sneak (level 4, -3/36 HPs)
             Began as a Demonspawn Assassin on June 8, 2018.
             Was a Priest of Trog.
             Slain by a phantom (4 damage)
             ... in the Dungeon (Sprint VII: "The Pits").
             The game lasted 00:02:16 (816 turns).

Fang the Sneak (Demonspawn Assassin)                 Turns: 816, Time: 00:02:17

Health: -3/36      AC:  5    Str: 13    XL:     4   Next: 11%
Magic:  4/4        EV: 12    Int: 12    God:    Trog [***...]
Gold:   0          SH:  0    Dex: 14    Spells: 3/3 levels left

rFire    . . .     SeeInvis .   n - +1 hand axe (chop)
rCold    . . .     Gourm    .   (no shield)
rNeg     . . .     Faith    .   c - +0 robe
rPois    .         Spirit   .   (no helmet)
rElec    .         Reflect  .   d - +0 cloak
rCorr    .         Harm     .   (no gloves)
MR       .....     NoTele   +   (no boots)
Stlth    +++.......             (no amulet)
HPRegen  0.12/turn              (no ring)
MPRegen  0.09/turn              (no ring)

@: no status effects
A: rugged brown scales 2, rot immunity
a: Berserk, Trog's Hand, Burn Spellbooks, Renounce Religion


You were in the Dungeon.
You worshipped Trog.
Trog was most pleased with you.
You were hungry.

You visited 1 branch

Inventory:

Hand Weapons
 a - a +2 dagger
 b - a +0 blowgun
 n - a +1 hand axe of chopping (weapon)
 o - a +2 hand axe
Missiles
 e - 8 poisoned needles
 f - 2 curare-tipped needles
Armour
 c - a +0 robe (worn)
 d - a +0 cloak (worn)
Scrolls
 m - a scroll of blinking
 q - 3 scrolls of remove curse
 r - a scroll of summoning
Potions
 h - 6 potions of curing
 i - 6 potions of heal wounds
 j - a potion of haste
 k - 4 potions of magic
 l - 3 potions of berserk rage
 p - 2 potions of invisibility
Comestibles
 g - 9 rations


   Skills:
 + Level 3.2 Fighting
 + Level 2.7 Short Blades
 + Level 2.6 Axes
 + Level 2.4 Throwing
 + Level 1.8 Dodging
 + Level 6.9 Stealth


You had 3 spell levels left.
You didn't know any spells.

Dungeon Overview and Level Annotations

Branches:
Dungeon (1/1)

Altars:
Cheibriados
Dithmenos
Elyvilon
Fedhas
Gozag
Hepliaklqana
Makhleb
Nemelex Xobeh
Okawaru
Qazlal
Ru
Sif Muna
Trog
Vehumet
Wu Jian
Xom
Yredelemnul
Zin
The Shining One
Beogh
Jiyva
Lugonu


Innate Abilities, Weirdness & Mutations

You are mostly covered in rugged brown scales. (AC +2, +5% HP)
You are immune to rotting.


Message History

The phantom hits you but does no damage.
There is an open door here.
You hit the phantom but do no damage.
The phantom is severely damaged.
The phantom barely misses you.
You miss the phantom.
The phantom is severely damaged.
The phantom blinks!
The phantom hits you!
* * * LOW HITPOINT WARNING * * *
There is an open door, spattered with blood here.
You barely miss the phantom.
The phantom is severely damaged.
The phantom hits you!
* * * LOW HITPOINT WARNING * * *
You barely miss the phantom.
The phantom is severely damaged.
You recover from your berserk rage.
The phantom blinks!
The phantom hits you.
You die...

#.#.÷#..#..##.....
#.#.['..#))#####'#
#.#..####.)##.....
#.#..#..#))##.....
#.#..#..#[[##.....
#.##'#..#'###...<.
#.#........##.....
#§#.....[..##.....
#@###########.....
#.W#.#.## ######
#...†...#
##.#†#.##
#.......#
##.#.#.##
#.......#
##.#.#..+ ########


You could see a phantom.

Vanquished Creatures
  An iron imp (D)
  A gnoll (D)
  An adder (D)
  An ufetubus (D)
  2 oozes (D)
  A leopard gecko (D)
  2 orcs (D)
  A bat (D)
  A giant cockroach (D)
  A ball python (D)
  3 frilled lizards (D)
15 creatures vanquished.

Vanquished Creatures (others)
  A Killer Klown (D)
  A pandemonium lord (D)
  An Executioner (D)
  A frost giant (D)
  A deep elf demonologist (D)
  A yellow draconian (D)
  A hell beast (D)
7 creatures vanquished.

Grand Total: 22 creatures vanquished

Notes
Turn   | Place    | Note
-------+----------+-------------------------------------------
     0 | D        | Fang the Demonspawn Assassin began the quest for the Orb.
     0 | D        | Reached XP level 1. HP: 16/16 MP: 1/1
     6 | D        | Killed a deep elf demonologist
    17 | D        | Killed a hell beast
    17 | D        | Killed a yellow draconian
    25 | D        | Reached skill level 1 in Dodging
    25 | D        | Reached skill level 5 in Stealth
    25 | D        | Gained mutation: You are partially covered in rugged brown scales. (AC +1, +3% HP) [demonic ancestry]
    25 | D        | Reached XP level 2. HP: 16/22 MP: 2/2
    26 | D        | Killed a frost giant
    35 | D        | Killed a Killer Klown
    65 | D        | Killed an Executioner
   110 | D        | Found a bloodstained altar of Trog.
   110 | D        | Found a deep blue altar of Sif Muna.
   110 | D        | Found a viscous altar of Jiyva.
   110 | D        | Found a hazy altar of Hepliaklqana.
   110 | D        | Found an opulent altar of Gozag.
   111 | D        | Found a glowing golden altar of the Shining One.
   111 | D        | Found a glowing silver altar of Zin.
   111 | D        | Found a basalt altar of Yredelemnul.
   111 | D        | Found a shimmering altar of Xom.
   111 | D        | Found an ornate altar of the Wu Jian Council.
   111 | D        | Found a sacrificial altar of Ru.
   111 | D        | Found a stormy altar of Qazlal.
   111 | D        | Found an iron altar of Okawaru.
   111 | D        | Found a sparkling altar of Nemelex Xobeh.
   111 | D        | Found a burning altar of Makhleb.
   111 | D        | Found a blossoming altar of Fedhas.
   111 | D        | Found a white marble altar of Elyvilon.
   111 | D        | Found a shadowy altar of Dithmenos.
   111 | D        | Found a snail-covered altar of Cheibriados.
   114 | D        | Found a corrupted altar of Lugonu.
   114 | D        | Found a radiant altar of Vehumet.
   114 | D        | Found a roughly hewn altar of Beogh.
   115 | D        | Became a worshipper of Trog the Wrathful
   342 | D        | Reached * piety under Trog
   345 | D        | Reached skill level 6 in Stealth
   375 | D        | Killed Wilod the pandemonium lord
   602 | D        | Reached ** piety under Trog
   602 | D        | Gained mutation: You are mostly covered in rugged brown scales. (AC +2, +5% HP) [demonic ancestry]
   602 | D        | Reached XP level 3. HP: 23/29 MP: 3/3
   608 | D        | Reached skill level 1 in Axes
   757 | D        | Noticed a phantom
   762 | D        | Reached *** piety under Trog
   766 | D        | Gained mutation: You are immune to rotting. [demonic ancestry]
   766 | D        | Reached XP level 4. HP: 36/36 MP: 4/4
   815 | D        | HP: 1/36 [phantom (8)]
   816 | D        | Slain by a phantom

Skill      XL: |  1  2  3 |
---------------+----------+-----
Short Blades   | 2 |  2.7
Throwing       | 2 |  2.4
Dodging        | 1 |  1.8
Stealth        | 5 6 |  6.9
Axes           | 2 |  2.6
Fighting       | 3 |  3.2

Action                   |  1- 3 |  4- 6 || total
-------------------------+-------+-------++-------
Melee: Dagger            |    13 |       ||    13
       Hand axe          |    33 |    14 ||    47
Invok: Berserk           |     1 |       ||     1
 Stab: Sleeping          |     1 |       ||     1
Armor: Robe              |    15 |     2 ||    17
Dodge: Dodged            |    52 |     6 ||    58
